AoeStats
← PetersCZ

African Clearing

510480243Analyzed
3v3 RM · 2d ago on Oct 1, 2026· 56m 58s· 6 players
Game mode
Random Map
Map size
Normal (6 player)
Population
200
Speed
Normal
Resources
Standard
Victory
Conquest
Starting age
Dark Age
Ending age
Imperial Age
RankedLock teamsTeams togetherTeam positionsShared explorationLock speedFull tech treeHidden civsTurbo modeCheats
Victory
Defeat
🇦🇷 Maya · Argentina
1604
+11
🇲🇽 Jurchens · Mexico
1506
+15
🇨🇳 Danes · China
1504
+15
🇨🇿 Wu · Czechia
1546
-16
🇺🇸 Mongols · United States
1521
-15
🇳🇿 Spanish · New Zealand
1404
-10
sss129458
4:09 Loom
8:18 Loom
13:50 Feudal Age
15:59 Double-Bit Axe
18:33 Castle Age
17:15 Padded Archer Armor
17:56 Fletching
19:43 Padded Archer Armor
36:01 Wheelbarrow
42:19 Bow Saw
43:14 Horse Collar
44:33 Hand Cart
45:18 Heavy Plow
46:46 Town Watch
48:59 Gold Mining
50:48 Gold Shaft Mining
50:19 Squires
50:07 Arson
50:10 Gambesons
51:09 Scale Mail Armor
51:20 Forging
53:54 Imperial Age
52:25 Chain Mail Armor
52:26 Hamask
54:52 Iron Casting
55:14 Plate Mail Armor
54:58 Elite Varangian Guard
56:41 Blast Furnace
56:17 Conscription
56:21 Capped Ram
gjizhijian6866
10:53 Loom
13:25 Feudal Age
20:48 Castle Age
19:42 Double-Bit Axe
20:13 Horse Collar
20:46 Fletching
23:34 Bodkin Arrow
28:00 Bow Saw
28:33 Squires
29:20 Padded Archer Armor
30:08 Ballistics
30:00 Town Watch
32:51 Leather Archer Armor
34:02 Wheelbarrow
37:59 Imperial Age
36:06 Gold Mining
36:17 Heavy Plow
36:22 Stone Mining
37:18 Hand Cart
38:23 Thumb Ring
38:43 Bracer
40:19 Chemistry
40:40 Ring Archer Armor
40:51 Elite Plumed Archer
41:52 Conscription
41:29 Capped Ram
43:35 Coinage
43:41 Siege Ram
46:03 Banking
49:01 Hul'che Javelineers
48:23 Elite Skirmisher
50:25 Crop Rotation
50:32 Stone Shaft Mining
50:01 Pikeman
50:43 Scale Mail Armor
53:18 Holcans
53:06 Chain Mail Armor
52:44 Eagle Warrior
54:50 Plate Mail Armor
54:44 Forging
54:44 Elite Eagle Warrior
57:04 Iron Casting
DarkSIde1405
11:37 Feudal Age
11:08 Loom
15:23 Bloodlines
16:35 Horse Collar
18:09 Scale Barding Armor
21:53 Town Watch
24:06 Forging
23:53 Fletching
28:56 Castle Age
27:18 Double-Bit Axe
29:35 Bodkin Arrow
29:06 Light Cavalry
30:05 Guard Tower
33:07 Wheelbarrow
33:00 Ballistics
33:59 Husbandry
35:01 Bow Saw
35:33 Chain Barding Armor
38:26 Town Patrol
39:30 Hand Cart
42:55 Iron Casting
47:57 Imperial Age
48:21 Gold Mining
48:05 Capped Ram
48:09 Elite Steppe Lancer
50:05 Plate Barding Armor
50:37 Gold Shaft Mining
50:42 Heavy Plow
51:41 Conscription
53:51 Crop Rotation
54:30 Two-Man Saw
56:12 Stone Mining
56:39 Hussar
58:30 Chemistry
Ivbin Jirginov
10:19 Loom
13:24 Feudal Age
17:48 Castle Age
17:23 Double-Bit Axe
19:14 Fletching
20:58 Thumb Ring
21:09 Bodkin Arrow
24:10 Bloodlines
27:49 Ballistics
30:47 Husbandry
33:42 Horse Collar
35:09 Padded Archer Armor
35:14 Town Watch
35:49 Heavy Plow
36:31 Bow Saw
40:13 Leather Archer Armor
40:42 Wheelbarrow
43:30 Imperial Age
41:35 Thumb Ring
42:44 Hand Cart
44:10 Bracer
45:32 Chemistry
44:29 Elite Mangudai
45:43 Conscription
46:49 Scale Barding Armor
46:55 Forging
46:29 Light Cavalry
46:51 Capped Ram
48:11 Chain Barding Armor
48:17 Hussar
51:04 Iron Casting
50:56 Drill
50:53 Siege Ram
54:04 Blast Furnace
53:42 Hoardings
55:11 Parthian Tactics
56:23 Murder Holes
56:38 Masonry
PetersCZ
6:52 Loom
12:57 Feudal Age
17:25 Castle Age
17:38 Double-Bit Axe
18:30 Bow Saw
22:15 Fletching
23:46 Town Watch
28:40 Bodkin Arrow
35:10 Horse Collar
37:34 Ballistics
37:46 Red Cliffs Tactics
40:30 Forging
40:20 Scale Mail Armor
41:37 Squires
41:24 Arson
42:02 Town Patrol
43:31 Chain Mail Armor
44:29 Iron Casting
50:42 Elite Skirmisher
52:15 Padded Archer Armor
55:47 Imperial Age
comfrick
8:26 Loom
8:48 Loom
24:24 Feudal Age
25:50 Double-Bit Axe
28:35 Castle Age
27:10 Town Watch
30:04 Bow Saw
32:17 Horse Collar
36:36 Wheelbarrow
37:14 Fletching
39:53 Bodkin Arrow
48:13 Hand Cart
54:38 Imperial Age
54:47 Imperial Age
53:36 Light Cavalry
54:26 Bloodlines
55:09 Husbandry
55:26 Hussar
56:15 Scale Barding Armor
56:20 Forging
Connection lost

Rejoining the realm…

Still unreachable

The connection could not be restored.

Session expired

The server has moved on; the page needs a fresh start.